 Dungeon Crawl Stone Soup version 0.26.1-2-gb8aa6d0cf2 (webtiles) character file.

Game seed: 4985312847111793481

41 DearestLeader the Grave Robber (level 3, -1/28 HPs)
             Began as a Deep Dwarf Necromancer on Feb 11, 2021.
             Slain by an adder (3 damage)
             ... on level 2 of the Dungeon.
             The game lasted 00:05:10 (1806 turns).

DearestLeader the Grave Robber (DDNe)               Turns: 1806, Time: 00:05:11

Health: -1/28      AC:  2    Str: 11    XL:     3   Next: 32%
Magic:  1/5        EV: 12    Int: 22    God:
Gold:   67         SH:  0    Dex: 13    Spells: 0/5 levels left

rFire    . . .     SeeInvis .   b - +0 dagger
rCold    . . .     Faith    .   (no shield)
rNeg     . . .     Spirit   .   a - +0 robe
rPois    .         Reflect  .   (no helmet)
rElec    .         Harm     .   (no cloak)
rCorr    .         Rampage  .   (no gloves)
Will     .....                  (no boots)
Stlth    ++........             (no amulet)
HPRegen  0.00/turn              d - +6 ring of intelligence
MPRegen  0.09/turn              (no ring)

@: non-regenerating
A: damage resistance, heal wounds, sense surroundings 1, no regeneration
a: Heal Wounds


You were on level 2 of the Dungeon.
You visited 1 branch of the dungeon, and saw 2 of its levels.

You collected 67 gold pieces.

Inventory:

Hand Weapons
 b - a +0 dagger (weapon)
Armour
 a - a +0 robe (worn)
Jewellery
 d - a +6 ring of intelligence (left hand)
 h - an uncursed amulet of regeneration {unknown}
Scrolls
 c - 2 scrolls of teleportation {unknown}
 f - 3 scrolls of identify {unknown}
 g - a scroll of enchant weapon {unknown}
 i - a scroll of immolation {unknown}
Potions
 e - 3 potions of brilliance {unknown}
 j - 2 potions of curing {unknown}


   Skills:
 - Level 2.1 Dodging
 - Level 2.4 Stealth
 + Level 1.8 Spellcasting
 * Level 5.6 Necromancy


You couldn't memorise any spells.
You knew the following spells:

 Your Spells              Type           Power        Failure   Level
a - Pain                  Necr           100%         1%          1
b - Animate Skeleton      Necr           54%          1%          1
c - Vampiric Draining     Necr           13%          4%          3

Your spell library contained the following spells:

 Spells                   Type           Power        Failure   Level
 Animate Dead             Necr           13%          14%         4
 Agony                    Necr           27%          36%         5


Dungeon Overview and Level Annotations

Branches:
Dungeon (2/15)

Altars:


Innate Abilities, Weirdness & Mutations

You are resistant to damage.
You can heal yourself by infusing magical energy.
You passively map a small area around you.
You do not regenerate.


Message History

Press: ? - help, Shift-Dir - straight line, f/p - ogre
Aim: an ogre, wielding a +0 giant club (heavily wounded, chance to affect: 84%)
The ogre writhes in agony.
The ogre hits you but does no damage.
A worm comes into view.
The worm barely misses you.
A kobold comes into view. It is wielding a +0 dagger.
The kobold shouts!
An adder comes into view.
A bat comes into view.
The kobold throws a stone.
The stone closely misses you.
You see here a stone.
A bat and an adder come into view.
The kobold throws a stone.
The stone misses you.
You see here a stone.
The adder hisses angrily.
The bat hits you but does no damage. The bat barely misses you. x2
The bat barely misses you. The adder barely misses you.
An adder comes into view.
The bat completely misses you. The adder bites you.
You die...

, * * * , * * ,,
*, , ≈ ,*# #.. **
, * * *,.## #.. ,,
.# , * , #..# #.#
* ..#* **, ##..#
#.# #b.# , ##@.#
#.# ,, * #.K##
##bS##.####.# * <
#S..
##.O##<......# *
*#..##w.##
#..##.<# , ,
#....## #.....###
, ##rK##
###.....###### ,*
##.(##
#...#....... #..##
###.#....... *
#.##
########..........


You could see an ogre, a worm, an adder, a bat, a kobold and a rat.

Vanquished Creatures
  3 dart slugs (D:1)
  A leopard gecko (D:1)
  6 bats (D:1)
  A giant cockroach (D:1)
  7 goblins (D:1)
  5 hobgoblins (D:1)
  2 kobolds (D:1)
  A ball python (D:1)
  3 frilled lizards (D:1)
  2 rats (D:1)
31 creatures vanquished.

Notes
Turn   | Place    | Note
-------+----------+-------------------------------------------
     0 | D:1      | DearestLeader the Deep Dwarf Necromancer began the quest
                  | for the Orb.
     0 | D:1      | Reached XP level 1. HP: 15/15 MP: 3/3
    25 | D:1      | Learned a level 1 spell: Animate Skeleton
   207 | D:1      | Reached XP level 2. HP: 8/22 MP: 0/4
   321 | D:1      | Reached skill level 5 in Necromancy
   882 | D:1      | Reached XP level 3. HP: 11/28 MP: 3/5
   886 | D:1      | Learned a level 3 spell: Vampiric Draining
  1771 | D:2      | Noticed an ogre
  1806 | D:2      | Slain by an adder

Illustrated notes

Levels and vault maps discovered:
D:1:      amcnicky_arrival_wind_blow, layout_basic, kennysheep_minor_cross
D:2:      minmay_alternating_diamond, layout_rooms, general_overflow_altar

Skill      XL: |  1  2 |
---------------+-------+-----
Necromancy     | 5 |  5.6
Dodging        | |  2.1
Stealth        | |  2.4
Spellcasting   | |  1.8

Action                   || total
-------------------------++-------
Melee: Dagger            ||    18
       Unarmed           ||     4
 Cast: Pain              ||    42
       Animate Skeleton  ||     3
       Vampiric Draining ||     8
Armor: Robe              ||     9
Dodge: Dodged            ||    29
